 Dungeon Crawl Stone Soup version 0.17.2-1-ge4368a0 (webtiles) character file.

13 ololoev the Skirmisher (level 2, 4/24 HPs)
             Began as a Demonspawn Fighter on Oct 25, 2016.
             Quit the game on level 2 of the Dungeon.
             The game lasted 00:00:24 (22 turns).

ololoev the Skirmisher (Demonspawn Fighter)           Turns: 22, Time: 00:00:25

Health: 4/24       AC:  6    Str: 21    XL:     2   Next: 24%
Magic:  2/2        EV:  9    Int:  9    God:
Gold:   0          SH:  0    Dex: 12    Spells: 0 memorised, 1 level left

rFire  . . .     SeeInvis .     a - +0 war axe
rCold  . . .     Clarity  .     b - +0 scale mail
rNeg   . . .     SustAt   .     (no shield)
rPois  .         Gourm    .     (no helmet)
rElec  .         Spirit   +     (no cloak)
rCorr  .         Warding  .     (no gloves)
rMut   .         Stasis   .     (no boots)
MR     .....                    (no amulet)
Stlth  ..........               (no ring)
                                (no ring)

@: mighty, lethally poisoned (4 -> -3), not resistant to hostile enchantments,
extremely unstealthy
A: magic shield
a: no special abilities


Innate Abilities, Weirdness & Mutations

When hurt, damage is shared between your health and your magic reserves.

Inventory:

Hand Weapons
 a - a +0 war axe (weapon)
Armour
 b - a +0 scale mail (worn)
Comestibles
 e - a bread ration


   Skills:
 + Level 3.2 Fighting
 * Level 2.2 Axes
 + Level 2.8 Armour
   Level 2.6 Shields


You had one spell level left.
You didn't know any spells.


You were on level 2 of the Dungeon.
You were not hungry.

You visited 1 branch of the dungeon, and saw 2 of its levels.

...######
#.......#
#.......#
........#
#.......# #
#.......#
##.##.......#
##..#P<†....[#
#..._#@†.....#
#.........(..#
+.⌠._#########
#PP.. #P.._
##..# #.. ###

Notes
Turn   | Place    | Note
--------------------------------------------------------------
     0 | D:1      | ololoev the Demonspawn Fighter began the quest for the Orb.
     0 | D:1      | Reached XP level 1. HP: 18/18 MP: 1/1
     8 | D:2      | Found a shimmering altar of Xom.
     8 | D:2      | Found a bloodstained altar of Trog.
    10 | D:2      | Found a radiant altar of Vehumet.
    17 | D:2      | Gained mutation: When hurt, damage is shared between your health and your magic reserves. [demonic ancestry]
    17 | D:2      | Reached XP level 2. HP: 10/24 MP: 2/2
    22 | D:2      | Quit the game

Dungeon Overview and Level Annotations

Branches:
Dungeon (2/15)

Altars:
Trog
Vehumet
Xom


Message History

You kill the adder!
Your Axes skill increases to level 2!
You have reached level 2!
Your demonic ancestry asserts itself...
You feel your magical essence form a protective shroud around your flesh.
You hit the bush but do no damage.
The bush is lightly damaged.
You hit the jackal.
The jackal is moderately wounded.
You barely miss the jackal.
You feel sick. The jackal closely misses you. The jackal closely misses you.
The jackal bites you but does no damage. x2
You completely miss the jackal. You slash the bush!
The bush is lightly damaged.
You hit the jackal but do no damage.
You feel sick.
The jackal bites you but does no damage. x3
The jackal bites you.
Unknown command.
Unknown command.
You barely miss the jackal. You slash the bush!
The bush is moderately damaged.
You hit the jackal.
The jackal is moderately wounded.
You feel sick. The jackal barely misses you. The jackal barely misses you.
The jackal closely misses you. The jackal barely misses you.
Unknown command.
You slice the jackal!!
You kill the jackal!
You hit the bush but do no damage.
The bush is moderately damaged.
You closely miss the jackal.
The jackal is moderately wounded.
You feel sick.
The jackal bites you but does no damage. x2
You slash the jackal!
You kill the jackal!
You hit the bush.
The bush is moderately damaged.
Unknown command.
Are you sure you want to abandon this character and quit the game? (Confirm with "yes".)

There were no monsters in sight!

Vanquished Creatures
  An adder (D:2)
  A goblin (D:2)
  2 jackals (D:2)
  A giant newt (D:2)
5 creatures vanquished.

Action                   || total
-------------------------++-------
Melee: War axe           ||     9
  Use: Potion            ||     1

Vault maps used:
D:1:      dpeg_arrival_pits, hangedman_decor_lopped, minmay_misc_feat_plants,
          minmay_misc_feat_encased, serial_park_tiny_2, serial_park_tiny_2,
          minmay_crystal_room
D:2:      gammafunk_temple_overflow_forgotten, nicolae_qazlal_style_of_elements,
          first_bread, uniq_jessica
